 Dungeon Crawl Stone Soup version 0.25-a0-1007-g10a8c3caa8 (webtiles) character file.

Game seed: 12299044541107896912, levelgen mode: deterministic

1033 MisterFreud the Skirmisher (level 8, -5/64 HPs)
             Began as a Formicid Abyssal Knight on May 11, 2020.
             Was a Priest of Lugonu.
             Slain by an orc warrior
             ... wielding a +0 halberd
              (12 damage)
             ... on level 7 of the Dungeon.
             The game lasted 00:08:24 (7274 turns).

MisterFreud the Skirmisher (FoAK)                   Turns: 7274, Time: 00:08:24

Health: -5/64      AC:  7    Str: 19    XL:     8   Next: 48%
Magic:  20/20      EV:  9    Int: 14    God:    Lugonu [***...]
Gold:   315        SH:  4    Dex:  8    Spells: 7/7 levels left

rFire    . . .     SeeInvis +   M - +2 trident (protect)
rCold    . . .     Gourm    .   k - +0 buckler (curse)
rNeg     . . .     Faith    .   F - +0 scale mail
rPois    +         Spirit   .   (helmet unavailable)
rElec    .         Reflect  .   (no cloak)
rCorr    .         Harm     .   (no gloves)
MR       .....                  j - +0 pair of boots
Stlth    ..........             (no amulet)
HPRegen  0.20/turn              d - ring of magical power
MPRegen  0.17/turn              (no ring)

@: no status effects
A: permanent stasis, dig shafts and tunnels, four strong arms, antennae 3,
clever 1, clumsy 1, poison resistance
a: Dig, Shaft Self, Depart the Abyss, Bend Space, Banish, Renounce Religion


You were on level 7 of the Dungeon.
You worshipped Lugonu.
Lugonu was most pleased with you.
You were not hungry.

You visited 1 branch of the dungeon, and saw 7 of its levels.
You visited the Abyss 1 time.

You collected 315 gold pieces.

Inventory:

Hand Weapons
 a - a +1 mace
 G - a +1 mace of protection
 M - a +2 trident of protection (weapon)
Missiles
 e - 113 stones (quivered)
 f - 31 poisoned darts
 g - 109 arrows
 p - 20 sling bullets
 v - 6 boomerangs
 D - 25 bolts
 K - 5 boomerangs of dispersal
Armour
 b - a +0 leather armour
 j - a +0 pair of boots (worn)
 k - a cursed +0 buckler (worn)
 F - a +0 scale mail (worn)
Jewellery
 d - a ring of magical power (left hand)
 s - an uncursed amulet of the acrobat {unknown}
Wands
 y - a wand of acid (6)
 E - a wand of iceblast (8)
Scrolls
 h - 2 scrolls of enchant armour {unknown}
 i - 2 scrolls of magic mapping {unknown}
 l - 5 scrolls of remove curse {unknown}
 m - 8 scrolls of identify {unknown}
 n - 3 scrolls of immolation {unknown}
 r - 2 scrolls of amnesia {unknown}
 u - a scroll of enchant weapon {unknown}
 z - a scroll of random uselessness {unknown}
 B - 2 scrolls of noise {unknown}
 H - a scroll of vulnerability {unknown}
Potions
 o - a potion of mutation
 q - a potion of cancellation {unknown}
 t - a potion of curing {unknown}
 w - 2 potions of heal wounds {unknown}
 x - 3 potions of degeneration {unknown}
 A - 2 potions of haste {unknown}
 C - 4 potions of might {unknown}
 I - a potion of brilliance {unknown}
 J - a potion of flight {unknown}
 N - a potion of magic {unknown}
Comestibles
 c - 10 rations
 L - 7 chunks of flesh


   Skills:
 - Level 6.0 Fighting
 - Level 6.0 Maces & Flails
 + Level 2.3 Polearms
 - Level 2.1 Armour
 - Level 0.8 Dodging
 - Level 4.0 Shields
 + Level 4.9 Invocations


You had 7 spell levels left.
You didn't know any spells.
Your spell library contained the following spells:

 Spells                   Type           Power        Failure   Level  Hunger
 Animate Skeleton         Necr           N/A          65%         1    ##.....
 Apportation              Tloc           #.....       65%         1    ##.....
 Corona                   Hex            #......      65%         1    ##.....
 Summon Small Mammal      Summ           #...         65%         1    ##.....


Dungeon Overview and Level Annotations

Branches:
Dungeon (7/15)             Temple (0/1) D:4

Altars:
Cheibriados
Elyvilon
Hepliaklqana
Nemelex Xobeh
Okawaru
Vehumet
Xom
Yredelemnul


Innate Abilities, Weirdness & Mutations

You cannot be hasted, slowed, berserked, paralysed or teleported.
You can dig through walls and to a lower floor.
Your four strong arms can wield two-handed weapons with a shield.
You have a pair of large antennae on your head. (SInv)
Your mind is acute. (Int +2)
You are clumsy. (Dex -2)
Your system is resistant to poisons. (rPois)


Message History

Evoke which item? (* to show all) (? for menu, Esc to quit)
Okay, then.
Press: ? - help, Shift-Dir - straight line, f/p - orc warrior
Aim: an orc warrior, wielding a +0 halberd and wearing a +0 plate armour (heavily wounded, chance to defeat MR: 83%)
You fail to use your ability.
The orc warrior hits you but does no damage.
Unknown command.
Press: ? - help, Shift-Dir - straight line, f/p - orc warrior
Aim: an orc warrior, wielding a +0 halberd and wearing a +0 plate armour (heavily wounded, chance to defeat MR: 83%)
You fail to use your ability.
Press: ? - help, Shift-Dir - straight line, f/p - orc warrior
Aim: an orc warrior, wielding a +0 halberd and wearing a +0 plate armour (heavily wounded, chance to defeat MR: 83%)
You fail to use your ability.
The orc warrior barely misses you. The orc hits you with a +0 war axe.
* * * LOW HITPOINT WARNING * * *
Press: ? - help, Shift-Dir - straight line, f/p - orc warrior
Aim: an orc warrior, wielding a +0 halberd and wearing a +0 plate armour (heavily wounded, chance to defeat MR: 83%)
You fail to use your ability.
The orc warrior hits you with a +0 halberd!
You die...

#.......#.............#
####....#.............#
#.####....#######+##.....
#............... #.....
#........†...... .....
#.......†....... ....
##+###.....####. ....
#.....# #+## #..@..#
#..oo.# #.....# #.....#
#.....#{{ #......{
########


You could see an orc warrior and an orc.

Vanquished Creatures
  An ice beast (D:6)
  A centaur (D:7)
  2 ogres
  A bullfrog (D:6)
  A gnoll sergeant (D:6)
  A crimson imp (D:5)
  2 jellies
  A hound (D:5)
  A centaur skeleton (D:7)
  An orc priest (D:3)
  An orc wizard (D:2)
  A bullfrog skeleton (D:4)
  Ijyb (D:5)
  An iguana (D:5)
  5 worker ants
  3 gnolls (D:6)
  2 adders (D:3)
  3 shadow imps
  An adder zombie (D:5)
  3 oozes
  2 worms
  6 dart slugs
  3 leopard geckos
  9 orcs
  5 bats
  5 giant cockroaches
  8 hobgoblins
  3 jackals (D:7)
  5 quokkas
  A ball python skeleton (D:4)
  4 frilled lizards
  9 goblins
  3 kobolds (D:1)
  A leopard gecko zombie (D:6)
  5 rats
  A spectral orc (D:6)
103 creatures vanquished.

Notes
Turn   | Place    | Note
-------+----------+-------------------------------------------
     0 | Abyss:1  | MisterFreud the Formicid Abyssal Knight began the quest for
                  | the Orb.
     0 | Abyss:1  | Reached XP level 1. HP: 18/18 MP: 2/2
    10 | D:1      | Escaped the Abyss
   209 | D:1      | Reached XP level 2. HP: 13/25 MP: 3/3
   653 | D:1      | Reached XP level 3. HP: 24/31 MP: 4/4
  1080 | D:2      | Reached ** piety under Lugonu
  1917 | D:2      | Reached skill level 1 in Shields
  1917 | D:2      | Reached XP level 4. HP: 31/38 MP: 5/5
  2110 | D:3      | Reached skill level 5 in Fighting
  2344 | D:3      | HP: 1/39 [orc priest/divine providence (14)]
  2348 | D:3      | Gained mutation: Your mind is acute. (Int +2) [potion of
                  | mutation]
  2348 | D:3      | Gained mutation: You are clumsy. (Dex -2) [potion of
                  | mutation]
  2348 | D:3      | Gained mutation: Your system is resistant to poisons.
                  | (rPois) [potion of mutation]
  2352 | D:3      | Reached XP level 5. HP: 4/45 MP: 6/6
  3552 | D:4      | Reached XP level 6. HP: 15/52 MP: 7/7
  3880 | D:4      | Found a sparkling altar of Nemelex Xobeh.
  4267 | D:4      | Found a staircase to the Ecumenical Temple.
  4292 | D:5      | Entered Level 5 of the Dungeon
  4680 | D:5      | Found a hazy altar of Hepliaklqana.
  4775 | D:5      | Noticed Ijyb
  4791 | D:5      | Killed Ijyb
  5066 | D:5      | Found a white marble altar of Elyvilon.
  5492 | D:6      | Reached XP level 7. HP: 54/58 MP: 8/8
  5524 | D:6      | Found a shimmering altar of Xom.
  5557 | D:6      | Reached *** piety under Lugonu
  5557 | D:6      | Reached skill level 5 in Maces & Flails
  5980 | D:6      | Found a snail-covered altar of Cheibriados.
  6110 | D:6      | Found an iron altar of Okawaru.
  6238 | D:6      | Found a radiant altar of Vehumet.
  6292 | D:6      | Reached XP level 8. HP: 50/64 MP: 10/10
  6704 | D:6      | Found a basalt altar of Yredelemnul.
  7081 | D:7      | Reached skill level 1 in Polearms
  7274 | D:7      | Slain by an orc warrior

Illustrated notes

Levels and vault maps discovered:
D:1:      elethiomel_arrival_shortcut, layout_rooms
D:2:      layout_rooms, minmay_split_cup_large
D:3:      layout_loops_ring, first_ration
D:4:      layout_layer_cave, minmay_temple_entry_drinking_statues,
          nemelex_dance_club_becter
D:5:      layout_basic, kennysheep_mini_moat, elyvilon_altar_3, uniq_ijyb
D:6:      layout_cave_pools, kennysheep_mini, lemuel_round_altar,
          yredelemnul_forgotten_temple_becter, fiery_altar_vehumet,
          kennysheep_okawaru_gauntlet
D:7:      layout_gridville

Skill      XL: |  1  2  3  4  5  6  7  8 |
---------------+-------------------------+-----
Fighting       | 4 5 6 |  6.0
Shields        | 1 2 3 4 |  4.0
Maces & Flails | 4 6 |  6.0
Invocations    | 3 4 |  4.9
Polearms       | 2 |  2.3
Armour         | |  2.1
Dodging        | |  0.8

Action                   |  1- 3 |  4- 6 |  7- 9 || total
-------------------------+-------+-------+-------++-------
Melee: Mace              |   100 |   198 |    78 ||   376
       Trident           |       |       |    54 ||    54
Evoke: Wand              |       |       |     3 ||     3
  Use: Potion            |       |     4 |       ||     4
 Stab: Sleeping          |       |     1 |       ||     1
  Eat: Chunk             |     3 |     8 |     3 ||    14
       Ration            |       |     1 |     1 ||     2
Armor: Leather armour    |    36 |    49 |       ||    85
       Skin              |       |     1 |       ||     1
       Scale mail        |       |     6 |    65 ||    71
Dodge: Dodged            |    53 |   103 |    57 ||   213
Block: Buckler           |     6 |    45 |    16 ||    67

Table legend:
 A = Non-vault XP
 B = Vault XP
 C = Vault XP percentage of total XP
 D = Non-vault monster count
 E = Vault monster count
 F = Vault count percentage of total count
                 A         B        C        D         E       F
            +---------+---------+-------+---------+---------+-------
      Total |    1413 |      63 |   4.3 |      93 |      10 |   9.7
            +---------+---------+-------+---------+---------+-------
        D:1 |      32 |       0 |   0.0 |      15 |       0 |   0.0
        D:2 |      68 |      12 |  15.0 |      14 |       4 |  22.2
        D:3 |     104 |       0 |   0.0 |      19 |       0 |   0.0
        D:4 |     119 |      10 |   7.8 |       8 |       2 |  20.0
        D:5 |     170 |      36 |  17.5 |      11 |       1 |   8.3
        D:6 |     596 |       5 |   0.8 |      17 |       3 |  15.0
        D:7 |     324 |       0 |   0.0 |       9 |       0 |   0.0
            +---------+---------+-------+---------+---------+-------
